 Dungeon Crawl Stone Soup version 0.30-a0-1075-gcd70e7a56d (webtiles) character file.

Game seed: 1979184203329104358

186 bande the Covered (level 5, -21/33 HPs)
             Began as a Gargoyle Fighter on Apr 14, 2023.
             Demolished by an ogre
             ... wielding a +0 giant spiked club
              (26 damage)
             ... on level 4 of the Dungeon.
             The game lasted 00:05:32 (2947 turns).

bande the Covered (Gargoyle Fighter)                Turns: 2947, Time: 00:05:33

Health: -21/33     AC: 13    Str: 19    XL:     5   Next: 65%
Magic:  5/5        EV:  9    Int:  9    God:
Gold:   235        SH:  5    Dex: 11    Spells: 4/4 levels left

rFire   + . .      SeeInvis .    a - +0 war axe
rCold   + . .      Faith    .    c - +1 buckler
rNeg    + . .      Spirit   .    b - +0 scale mail
rPois   ∞          Reflect  .    (no helmet)
rElec   +          Rampage  .    (no cloak)
rCorr   .                        m - +1 pair of gloves
Will    .....                    (no boots) Stlth
                                 (no amulet)
HPRegen 0.25/turn                q - ring of protection from fire
MPRegen 0.09/turn                n - ring of protection from cold

@: no status effects
A: sickness immunity, AC +4, negative energy resistance 1, electricity
resistance, torment resistance 1, petrification resistance
a: no special abilities


You were on level 4 of the Dungeon.
You visited 1 branch of the dungeon, and saw 4 of its levels.

You collected 235 gold pieces.

Inventory:

Hand Weapons
 a - a +0 war axe (weapon)
Armour
 b - a +0 scale mail (worn)
 c - a +1 buckler (worn)
 l - a scarf of invisibility
 m - a +1 pair of gloves (worn)
Jewellery
 n - a ring of protection from cold (right hand)
 q - a ring of protection from fire (left hand)
 w - the ring of Geumoqug {*Slow rPois Dex+2 Stlth+}
   (You found it on level 3 of the Dungeon)

   [ring of poison resistance]

   Dex:       It affects your dexterity (+2).
   rPois:     It protects you from poison.
   *Slow:     It may slow you when you take damage.
   Stlth:     It makes you more stealthy.
Wands
 y - a wand of paralysis (8)
Scrolls
 f - a scroll of teleportation
 i - 4 scrolls of blinking
 r - a scroll of fog {unknown}
Potions
 d - a potion of might
 e - a potion of lignification {unknown}
 g - a potion of cancellation {unknown}
 h - 2 potions of magic
 j - 3 potions of brilliance {unknown}
 k - 2 potions of curing {unknown}
 o - a potion of flight {unknown}
 p - 2 potions of attraction {unknown}
 s - 2 potions of invisibility
 v - a potion of haste {unknown}


   Skills:
 + Level 4.0 Fighting
 + Level 3.1 Axes
 + Level 4.7 Armour
 + Level 0.1 Stealth
 + Level 3.7 Shields
 * Level 1.3 Evocations


You had 4 spell levels left.
You didn't know any spells.
Your spell library contained the following spells:

 Spells                   Type           Power      Damage    Failure   Level
 Kiss of Death            Conj/Necr      0%         2d5       83%         1
 Magic Dart               Conj           0%         1d3       83%         1
 Searing Ray              Conj           0%         2d4       92%         2
 Confusing Touch          Hex            0%         N/A       99%         3
 Dispel Undead            Necr           0%         3d6       100%        4
 Fulminant Prism          Conj/Hex       0%         3d5       100%        4


Dungeon Overview and Level Annotations

Branches:
Dungeon (4/15)
 Temple: D:4-7

Altars:
Makhleb


Innate Abilities, Weirdness & Mutations

You are immune to sickness and miasma.
Your stone body is resilient. (AC +4)
You are immune to poison.
You resist negative energy. (rN+)
You are resistant to electric shocks. (rElec)
You are resistant to unholy torment.
You are immune to petrification.


Message History

You barely miss the ball python.
The goblin shoots a sling bullet.
The sling bullet barely misses you.
The ball python bites you but does no damage.
The ball python constricts you.
You slash the ball python!
You kill the ball python!
The goblin shoots a sling bullet.
The sling bullet closely misses you.
The goblin shoots a sling bullet.
The sling bullet hits you but does no damage.
You barely miss the goblin.
The goblin unwields a +0 sling.
The goblin wields a +0 club.
The goblin hits you but does no damage.
You closely miss the goblin. The goblin closely misses you.
You barely miss the goblin.
The goblin hits you but does no damage. x2
You slash the goblin!
You kill the goblin!
No target in view!
No target in view!
No target in view!
Things that are here:
a +0 club; a +0 sling; a goblin corpse
r - a scroll labelled GUKOUC ZIPOOCI An ogre comes into view.
It is wielding a +0 giant spiked club.
The ogre shouts!
An ogre is nearby!
You barely miss the ogre. The ogre closely misses you.
You slash the ogre!
The ogre is moderately wounded.
The ogre hits you with a +0 giant spiked club!
You hit the ogre.
The ogre is moderately wounded.
The ogre barely misses you.
You hit the ogre but do no damage.
The ogre is moderately wounded.
The ogre hits you with a +0 giant spiked club!
* * * LOW HITPOINT WARNING * * *
You barely miss the ogre.
The ogre is moderately wounded.
The ogre hits you with a +0 giant spiked club!!
Ouch! That really hurt!
You die...

....# #....# ##....
......#### .........## .#.
... ..........# .. ...#
..........### .##...#
......O@.##.##
......###.........#...#
......#...#...........#
..........##..#.......###
)........###..###.....#.##
.........#....##.........#
..#.##..............#....#
).#........##..#....#....#
#..........##...........##


You could see an ogre.

Vanquished Creatures
  A jelly (D:3)
  Jessica (D:3)
  Ijyb (D:3)
  4 adders
  4 dart slugs
  8 endoplasms
  2 giant cockroaches (D:3)
  6 goblins
  7 hobgoblins
  7 kobolds
  A quokka (D:2)
  7 ball pythons
  5 bats
  4 frilled lizards
  7 rats
65 creatures vanquished.

Notes
Turn   | Place    | Note
-------+----------+-------------------------------------------
     0 | D:1      | bande the Gargoyle Fighter began the quest for the Orb.
     0 | D:1      | Reached XP level 1. HP: 14/14 MP: 1/1
   427 | D:1      | Reached XP level 2. HP: 19/19 MP: 2/2
   857 | D:2      | Reached XP level 3. HP: 18/23 MP: 3/3
  1291 | D:2      | Found a faded altar of an unknown god.
  1616 | D:3      | Reached XP level 4. HP: 23/29 MP: 4/4
  1796 | D:3      | Found a burning altar of Makhleb.
  1921 | D:3      | Identified the ring of Geumoqug {*Slow rPois Dex+2 Stlth+}
  1999 | D:3      | Noticed Ijyb
  2004 | D:3      | Paralysed by Ijyb for 5 turns
  2015 | D:3      | Paralysed by Ijyb for 5 turns
  2029 | D:3      | Killed Ijyb
  2030 | D:3      | Reached XP level 5. HP: 9/33 MP: 5/5
  2378 | D:3      | Reached skill level 1 in Evocations
  2639 | D:3      | Noticed Jessica
  2646 | D:3      | Killed Jessica
  2938 | D:4      | Noticed an ogre
  2947 | D:4      | Demolished by an ogre

Illustrated notes

Levels and vault maps discovered:
D:1:      eino_arrival_cavern_e, layout_basic, minmay_3d_cube
D:2:      layout_basic, shapermc_ecumenical_altar_starsandcircs
D:3:      layout_loops_corners, mainiacjoe_overflow_alcove_4,
          nicolae_overflow_hidden_temple, item_on_display_a, uniq_jessica,
          uniq_ijyb
D:4:      layout_cave_pools

Skill      XL: |  1  2  3  4  5 |
---------------+----------------+-----
Axes           | 2 3 |  3.1
Armour         | 4 |  4.7
Evocations     | 1 |  1.3
Fighting       | 4 |  4.0
Stealth        | |  0.1
Shields        | |  3.7

Action                     |  1- 3 |  4- 6 || total
---------------------------+-------+-------++-------
  Melee: War axe           |   133 |    88 ||   221
    Use: Scroll            |       |     9 ||     9
 Armour: Scale mail        |    76 |    55 ||   131
  Dodge: Dodged            |    64 |    30 ||    94
  Block: Buckler           |    29 |    21 ||    50

Table legend: (Time is in decaauts)
 A = Elapsed time spent in this place.
 B = Non-inter-level travel time spent in this place.
 C = Inter-level travel time spent in this place.
 D = Time resting spent in this place.
 E = Time spent auto-exploring this place.
 F = Levels seen in this place.
 G = Mean time per level.
                   A        B        C        D        E       F      G
               +--------+--------+--------+--------+--------+-----+--------+
         Total |   3041 |   2963 |     78 |    293 |   2048 |   4 |  760.2 |
       Dungeon |   3041 |   2963 |     78 |    293 |   2048 |   4 |  760.2 |
               +--------+--------+--------+--------+--------+-----+--------+

Top non-repeatable levels by time:
     D:3: 1192 daAuts
     D:1: 865 daAuts
     D:2: 749 daAuts
     D:4: 234 daAuts
